 Dungeon Crawl Stone Soup version 0.29-a0-352-g0917bc69df (webtiles) character file.

Game seed: 11429542912808506612

3593 spaghetti the Protected (level 9, 0/94 HPs)
             Began as a Demonspawn Berserker on Apr 24, 2022.
             Was a Priest of Trog.
             Slain by a manticore (2 damage)
             ... on level 9 of the Dungeon.
             The game lasted 00:13:42 (11351 turns).

spaghetti the Protected (Demonspawn Berserker)     Turns: 11351, Time: 00:13:42

Health: 0/94       AC: 19    Str: 20    XL:     9   Next: 85%
Magic:  9/9        EV:  7    Int: 17    God:    Trog [***...]
Gold:   445        SH:  0    Dex: 12    Spells: 8/8 levels left

rFire   . . .      SeeInvis .     - Unarmed
rCold   . . .      Faith    .   (no shield)
rNeg    . . .      Spirit   .   L - +0 plate armour
rPois   +          Reflect  .   N - +1 hat
rElec   .          Harm     .   E - +2 cloak {Stlth+}
rCorr   .          Rampage  .   (no gloves)
Will    +....                   (no boots)
Stlth   ..........              d - amulet of the acrobat
HPRegen 0.25/turn               i - +6 ring of intelligence
MPRegen 0.22/turn               (no ring)

@: berserking, studying Armour, very quick
A: claws 2, ignite blood 1, magic regeneration, strong-willed 1, poison
resistance
a: Renounce Religion, Berserk, Trog's Hand


You were on level 9 of the Dungeon.
You worshipped Trog.
Trog was most pleased with you.
You visited 1 branch of the dungeon, and saw 9 of its levels.
You also visited: Sewer.

You collected 473 gold pieces.
You spent 28 gold pieces at shops.


Innate Abilities, Weirdness & Mutations

You have very sharp fingernails.
Your demonic aura sometimes causes spilled blood to erupt in flames.
You regenerate magic rapidly.
You are strong-willed. (Will+)
Your system is resistant to poisons. (rPois)


   Skills:
 - Level 3.0 Fighting
 - Level 3.2 Axes
 - Level 8.0 Throwing
 + Level 10.1 Armour
 - Level 1.7 Dodging
 + Level 7.1 Unarmed Combat


You had 8 spell levels left.
You didn't know any spells.
Your spell library contained the following spells:

 Spells                   Type           Power      Damage    Failure   Level
 Apportation              Tloc           0%         N/A       99%         1
 Spider Form              Tmut/Pois      0%         N/A       100%        3
 Summon Guardian Golem    Hex/Summ       0%         N/A       100%        3
 Tukima's Dance           Hex            0%         N/A       100%        3
 Anguish                  Hex/Necr       0%         N/A       100%        4
 Fulminant Prism          Conj/Hex       0%         3d6       100%        4
 Iskenderun's Mystic Bla  Conj/Tloc      0%         2d3       100%        4
 Passage of Golubria      Tloc           0%         N/A       100%        4
 Alistair's Intoxication  Tmut/Pois      0%         N/A       100%        5
 Lee's Rapid Deconstruct  Erth           0%         3d5*      100%        5
 Yara's Violent Unravell  Hex/Tmut       0%         3d3       100%        5
 Enfeeble                 Hex            0%         N/A       100%        7
 Malign Gateway           Summ/Tloc      0%         N/A       100%        7
 Summon Hydra             Summ           0%         N/A       100%        7

Inventory:

Missiles
 b - 2 throwing nets {=f!fthrowing}
 l - a curare-tipped dart {=fthrowing}
 p - 22 poisoned darts {throwing}
 s - 228 stones (quivered) {throwing}
Armour
 m - a +0 cloak
   (You found it on level 2 of the Dungeon)
 E - a +2 cloak of stealth (worn)
   (You took it off Crazy Yiuf on level 7 of the Dungeon)
 L - a +0 plate armour (worn)
   (You found it on level 5 of the Dungeon)
 N - a +1 hat (worn)
   (You found it on level 6 of the Dungeon)
Jewellery
 d - an amulet of the acrobat (around neck)
   (You found it on level 1 of the Dungeon)
 e - a ring of poison resistance
   (You found it on level 5 of the Dungeon)
 i - a +6 ring of intelligence (left claw)
   (You found it on level 8 of the Dungeon)
 B - a ring of protection from cold
   (You found it on level 3 of the Dungeon)
 F - a ring of ice
   (You found it on level 8 of the Dungeon)
Wands
 f - a wand of iceblast (11)
   (You found it on level 6 of the Dungeon)
 y - a wand of acid (6)
   (You found it on level 9 of the Dungeon)
Scrolls
 g - 2 scrolls of silence {!r}
 h - 2 scrolls of teleportation {@r4}
 j - 4 scrolls of fear
 n - a scroll of magic mapping {!r}
 o - a scroll of noise {!r}
 r - a scroll of immolation {!r!r}
 u - 3 scrolls of enchant weapon
 A - a scroll of blinking {!r}
 G - a scroll of vulnerability {!r!r}
 M - a scroll of fog
Potions
 a - a potion of invisibility {unknown}
 c - a potion of flight
 k - 2 potions of heal wounds {@q2}
 q - 5 potions of mutation {!q}
 t - 3 potions of cancellation {unknown}
 v - 3 potions of curing {unknown}
 w - 3 potions of might {unknown}
 x - a potion of degeneration {unknown}
 z - a potion of magic {unknown}
 C - a potion of experience {unknown}
 D - 2 potions of berserk rage {unknown}
 K - 2 potions of haste {unknown}

Dungeon Overview and Level Annotations

Branches:
Dungeon (9/15)             Temple (0/1) D:7           Sewer (visited)
   Lair: D:8-11         Orc: D:9-12

Altars:
Ashenzari
Fedhas
Hepliaklqana
Nemelex Xobeh
Qazlal
Ru
Trog
The Shining One

Shops:
D:8 *

Annotations:
D:4 1 runed translucent door, SirDiesAlot's ghost, weakling KoEn
D:5 2 transporters, spaghetti's ghost, weakling DDDe
D:7 1 transporter, Dordric's ghost, novice DgHu

### !.# ####.#
..#(##
#.(..#####
#H(.......
#@(.# ##ยฐ##
#(#
#######[#######
..............#
#######.#.###.#
#.)..##.#
##.<.....#
#........#


You could see a manticore.


Message History

The orc priest calls down the wrath of Beogh upon you.
Beogh smites you!
* * * LOW HITPOINT WARNING * * *
The orc priest miscasts a cantrip.
There is a stone staircase leading up here. ๐Ÿ˜จ HP[-14]
You take 14 damage, and now have 17/63 hp.
MASSIVE DAMAGE!! (PAUSE)
You climb upwards.
There is a stone staircase leading down here. ๐Ÿ˜จ HP[+1]
You start resting.
You feel yourself speed up.
You recover from your berserk rage. ๐Ÿ˜Ž HP[+45]
Your hp is fully restored (63).
You climb downwards.
There is a stone staircase leading up here.
You barely miss the orc priest.
The orc priest mumbles some strange prayers to Beogh against you.
You easily resist.
You scratch the orc priest.
The orc priest hits you but does no damage.
You scratch the orc priest but do no damage.
The orc priest barely misses you.
You barely miss the orc priest. You scratch the orc priest.
The orc priest barely misses you.
You scratch the orc priest but do no damage.
The orc priest hits you but does no damage.
You barely miss the orc priest.
The orc priest hits you but does no damage.
You claw the orc priest!
You kill the orc priest!
Trog accepts your kill.
No target in view!
No target in view!
No target in view!
No target in view!
No target in view!
No target in view!
No target in view!
No target in view!
No target in view!
No target in view!
No target in view!
No target in view!
No target in view!
No target in view!
No target in view!
Items here: )) [[ รท.
A manticore is nearby!
A manticore is nearby!
A manticore is nearby!
Items here: ( )) [ รท.
The manticore flicks its tail.
The volley of spikes misses you.
The manticore misses you. x2; The manticore completely misses you.
You see here 4 stones {throwing}.
You scratch the manticore.
The manticore bites you but does no damage.
The manticore claws you! x2 ๐Ÿ˜ฎ HP[-17]
You take 17 damage, and now have 46/63 hp.
MASSIVE DAMAGE!! (PAUSE) Unknown command.
You claw the manticore!
The manticore bites you but does no damage.
The manticore claws you but does no damage. x2
You claw the manticore! You claw the manticore! The manticore bites you!
The manticore claws you but does no damage.
The manticore completely misses you. ๐Ÿ˜ฎ HP[-11]
You take 11 damage, and now have 35/63 hp.
You scratch the manticore. The manticore bites you!
* * * LOW HITPOINT WARNING * * *
The manticore claws you.
* * * LOW HITPOINT WARNING * * *
The manticore claws you but does no damage. ๐Ÿ˜จ HP[-18]
You take 18 damage, and now have 17/63 hp.
MASSIVE DAMAGE!! (PAUSE) Unknown command.
You barely miss the manticore. The manticore barely misses you.
The manticore claws you.
* * * LOW HITPOINT WARNING * * *
The manticore claws you.
* * * LOW HITPOINT WARNING * * *
๐Ÿ˜ฑ HP[-3]
You take 3 damage, and now have 14/63 hp.
You scratch the manticore. The manticore bites you!
* * * LOW HITPOINT WARNING * * *
The manticore claws you but does no damage. x2 ๐Ÿ˜ฑ HP[-13]
You take 13 damage, and now have 1/63 hp.
MASSIVE DAMAGE!! (PAUSE) Unknown command.
A red film seems to cover your vision as you go berserk!
You feel yourself moving faster!
You feel mighty! The manticore bites you.
You die...

Skill      XL: |  1  2  3  4  5  6  7  8  9 |
---------------+----------------------------+-----
Axes           | 3 |  3.2
Throwing       | 1 2 4 5 7 8 |  8.0
Armour         | 2 3 4 5 7 10 | 10.1
Unarmed Combat | 1 2 3 4 5 7 |  7.1
Fighting       | |  3.0
Dodging        | |  1.7

Action                   |  1- 3 |  4- 6 |  7- 9 || total
-------------------------+-------+-------+-------++-------
Melee: Hand axe          |   128 |    85 |       ||   213
       Punch             |     1 |     1 |     8 ||    10
       Unarmed           |       |    34 |   380 ||   414
Throw: Stone             |     7 |    20 |   125 ||   152
Invok: Berserk           |     2 |     3 |    11 ||    16
       Trog's Hand       |       |     3 |     2 ||     5
  Use: Potion            |       |     3 |     2 ||     5
       Scroll            |       |       |    12 ||    12
 Stab: Invisible         |       |       |     1 ||     1
Armor: Animal skin       |    18 |       |       ||    18
       Chain mail        |    41 |   144 |    18 ||   203
       Plate armour      |       |       |   161 ||   161
       Skin              |       |       |     8 ||     8
Dodge: Dodged            |   109 |    95 |   134 ||   338

Levels and vault maps discovered:
D:1:      nicolae_arrival_memento_mori, layout_basic
D:2:      layout_basic
D:3:      layout_basic, grunt_temple_overflow_open, portal_sewer_entry_f,
          ebering_ecumenical_altar_sacrificial
D:4:      layout_layer_cave, gammafunk_ghost_grave
D:5:      layout_rooms, nicolae_ru_great_annihilating_truth,
          grunt_ashenzari_visionary [grunt_ashenzari_visionary_shoals,
          grunt_ashenzari_visionary_snake], gammafunk_ghost_abyssal_escape
D:6:      layout_loops_ring, uniq_maggie
D:7:      layout_basic, gammafunk_temple_overflow_statue,
          minmay_temple_entry_gardened_gates, gammafunk_ghost_stat_death,
          uniq_prince_ribbit1, uniq_crazy_yiuf_cottage
D:8:      layout_rooms, enter_bailey_3, serial_shops, shop, uniq_joseph,
          uniq_psyche
D:9:      layout_loops_ring, david_lair_generic, orc_0_dummy

Notes
Turn   | Place    | Note
-------+----------+-------------------------------------------
     0 | D:1      | spaghetti the Demonspawn Berserker began the quest for the
                  | Orb.
     0 | D:1      | Reached XP level 1. HP: 18/18 MP: 1/1
     0 | D:1      | magus.rc [v1.9.6]
    25 | D:1      | Reached skill level 3 in Axes
   307 | D:1      | Gained mutation: You have sharp fingernails. [demonic
                  | ancestry]
   307 | D:1      | Reached XP level 2. HP: 22/24 MP: 2/2
   676 | D:1      | Reached skill level 1 in Throwing
  1423 | D:2      | Reached XP level 3. HP: 26/29 MP: 3/3
  1659 | D:2      | Reached skill level 2 in Armour
  1837 | D:2      | You add the spells Summon Guardian Golem, Spider Form,
                  | Malign Gateway and Summon Hydra to your library.
  1837 | D:2      | Got the Guide on Moulding and the Escort {forbidden}
  2507 | D:3      | Found a hazy altar of Hepliaklqana.
  2514 | D:3      | Found a blossoming altar of Fedhas.
  2521 | D:3      | Reached skill level 1 in Unarmed Combat
  2591 | D:3      | Found a glowing drain.
  2607 | D:3      | Reached ** piety under Trog
  2610 | Sewer    | Entered a sewer
  2635 | Sewer    | Reached skill level 2 in Throwing
  2820 | Sewer    | Reached XP level 4. HP: 15/35 MP: 4/4
  3171 | Sewer    | Noticed a kobold brigand
  3174 | Sewer    | Noticed Grinder
  3176 | Sewer    | HP: 6/35 [kobold brigand/+0 club (4)]
  3183 | Sewer    | HP: 8/35 [kobold brigand/+0 club (3)]
  3189 | Sewer    | HP: 7/35 [quasit (2)]
  3198 | Sewer    | Reached skill level 3 in Armour
  3208 | Sewer    | Gained mutation: You have very sharp fingernails. [demonic
                  | ancestry]
  3208 | Sewer    | Reached XP level 5. HP: 16/41 MP: 5/5
  3211 | Sewer    | HP: 10/41 [kobold brigand/+0 club (3)]
  3215 | Sewer    | HP: 4/61 [kobold brigand/+0 club (5)]
  3219 | Sewer    | Reached skill level 3 in Throwing
  3219 | Sewer    | Reached skill level 2 in Unarmed Combat
  3225 | Sewer    | Killed Grinder
  3226 | Sewer    | Reached skill level 4 in Throwing
  3226 | Sewer    | Reached skill level 4 in Armour
  3226 | Sewer    | Reached XP level 6. HP: 7/47 MP: 6/6
  3522 | Sewer    | Found a burning altar of Makhleb.
  3741 | D:3      | Found a stormy altar of Qazlal.
  3741 | D:3      | Found a sparkling altar of Nemelex Xobeh.
  3957 | D:3      | Found a faded altar of an unknown god.
  4536 | D:4      | Reached skill level 3 in Unarmed Combat
  4550 | D:4      | Gained mutation: You regenerate magic rapidly. [demonic
                  | ancestry]
  4550 | D:4      | Reached XP level 7. HP: 17/52 MP: 7/7
  5010 | D:4      | Reached skill level 5 in Armour
  5130 | D:4      | Found a runed translucent door.
  5131 | D:4      | Noticed SirDiesAlot's ghost (weakling KoEn)
  5408 | D:4      | Reached skill level 5 in Throwing
  5488 | D:4      | You pick up a book of Party Tricks {forbidden} and begin
                  | reading...
  5488 | D:4      | You add the spells Apportation and Alistair's Intoxication
                  | to your library.
  6146 | D:5      | Entered Level 5 of the Dungeon
  6285 | D:5      | Found a transporter.
  6317 | D:5      | Found a broken altar of Ashenzari.
  6330 | D:5      | Found a transporter.
  6341 | D:5      | Noticed spaghetti's ghost (weakling DDDe)
  6416 | D:5      | Gained mutation: Your mind is acute. (Int +2) [potion of
                  | mutation]
  6416 | D:5      | Gained mutation: Your system is resistant to poisons.
                  | (rPois) [potion of mutation]
  6416 | D:5      | Lost mutation: Your mind is acute. (Int +2) [potion of
                  | mutation]
  6416 | D:5      | Gained mutation: You are strong-willed. (Will+) [potion of
                  | mutation]
  6727 | D:5      | Found a sacrificial altar of Ru.
  6745 | D:5      | Reached *** piety under Trog
  6843 | D:6      | You pick up a book of Blasting {forbidden} and begin
                  | reading...
  6843 | D:6      | You add the spells Fulminant Prism, Iskenderun's Mystic
                  | Blast and Lee's Rapid Deconstruction to your library.
  6868 | D:6      | Reached skill level 4 in Unarmed Combat
  6868 | D:6      | Reached XP level 8. HP: 58/58 MP: 8/8
  6879 | D:6      | Reached skill level 6 in Throwing
  6879 | D:6      | Reached skill level 6 in Armour
  7341 | D:6      | HP: 14/58 [orc warrior/+1 vorpal long sword (1)]
  7347 | D:6      | HP: 18/87 [orc warrior/+1 vorpal long sword (5)]
  7349 | D:6      | HP: 7/87 [orc warrior/+1 vorpal long sword (10)]
  7349 | D:6      | HP: 3/87 [orc warrior/+1 vorpal long sword (4)]
  8002 | D:6      | You pick up a book of Maledictions {forbidden} and begin
                  | reading...
  8002 | D:6      | You add the spells Tukima's Dance, Anguish and Enfeeble to
                  | your library.
  8030 | D:6      | Noticed Maggie
  8047 | D:6      | Killed Maggie
  8048 | D:6      | Reached skill level 7 in Throwing
  8048 | D:6      | Reached skill level 7 in Armour
  8446 | D:7      | Reached skill level 5 in Unarmed Combat
  8707 | D:7      | Found a staircase to the Ecumenical Temple.
  8742 | D:7      | Gained mutation: Your demonic aura sometimes causes spilled
                  | blood to erupt in flames. [demonic ancestry]
  8742 | D:7      | Reached XP level 9. HP: 63/63 MP: 9/9
  8984 | D:7      | Noticed Dordric's ghost (novice DgHu)
  9092 | D:7      | Found a transporter.
  9123 | D:7      | Noticed Prince Ribbit
  9141 | D:7      | Killed Prince Ribbit
  9511 | D:7      | Found a bloodstained altar of Trog.
  9709 | D:7      | Found a runed translucent door.
  9710 | D:7      | Noticed Crazy Yiuf
  9719 | D:7      | Killed Crazy Yiuf
  9720 | D:7      | Reached skill level 8 in Armour
  9805 | D:8      | Noticed Joseph
  9812 | D:8      | Reached skill level 8 in Throwing
  9822 | D:8      | Killed Joseph
  9823 | D:8      | Reached skill level 6 in Unarmed Combat
  9846 | D:8      | HP: 13/63 [orc warrior/+0 halberd (3)]
 10160 | D:8      | You add the spells Passage of Golubria and Yara's Violent
                  | Unravelling to your library.
 10192 | D:8      | Found Tuobo's General Store.
 10202 | D:8      | Bought a scroll of identify for 28 gold pieces
 10208 | D:8      | Noticed Psyche
 10213 | D:8      | Reached skill level 9 in Armour
 10223 | D:8      | Killed Psyche
 11066 | D:9      | Reached skill level 10 in Armour
 11084 | D:9      | Reached skill level 7 in Unarmed Combat
 11100 | D:9      | Noticed a manticore
 11349 | D:9      | HP: 15/63 [manticore (2)]
 11350 | D:9      | HP: 1/63 [manticore (13)]
 11351 | D:9      | Slain by a manticore

Vanquished Creatures
  Joseph (D:8)
  Maggie (D:6)
  Psyche (D:8)
  Prince Ribbit (D:7)
  Grinder (Sewer)
  A water moccasin (D:8)
  3 orc warriors
  A black bear (D:8)
  3 centaurs
  A phantom (D:5)
  A kobold brigand (Sewer)
  2 bullfrogs
  A scorpion (D:6)
  A necrophage (D:4)
  A gnoll sergeant (D:6)
  3 wights (D:7)
  3 killer bees (D:8)
  2 quasits (Sewer)
  5 hounds
  4 orc priests
  Crazy Yiuf (D:7)
  4 jellies
  7 orc wizards
  2 iguanas
  5 gnolls (D:6)
  5 adders
  4 shadow imps
  A white imp (D:7)
  5 ufetubi
  3 dart slugs
  15 orcs
  7 ball pythons
  6 endoplasms
  8 giant cockroaches
  7 goblins
  2 hobgoblins (D:1)
  4 jackals (D:2)
  19 kobolds
  7 quokkas
  11 bats
  2 frilled lizards (D:3)
  2 kobold zombies (Sewer)
  2 rats
166 creatures vanquished.

Vanquished Creatures (others)
  A giant cockroach zombie (Sewer)
  2 kobold zombies (Sewer)
  A fungus (D:7)
  2 withered plants (D:4)
6 creatures vanquished.

Grand Total: 172 creatures vanquished

Table legend:
 A = Non-vault XP
 B = Vault XP
 C = Vault XP percentage of total XP
 D = Non-vault monster count
 E = Vault monster count
 F = Vault count percentage of total count
                 A         B        C        D         E       F
            +---------+---------+-------+---------+---------+-------
      Total |    3073 |    2060 |  40.1 |     118 |      48 |  28.9
            +---------+---------+-------+---------+---------+-------
        D:1 |      36 |       0 |   0.0 |      19 |       0 |   0.0
        D:2 |      18 |       0 |   0.0 |      10 |       0 |   0.0
        D:3 |      28 |      10 |  26.3 |      10 |       5 |  33.3
        D:4 |     402 |       0 |   0.0 |      21 |       0 |   0.0
        D:5 |     302 |      39 |  11.4 |       7 |       4 |  36.4
        D:6 |     714 |     389 |  35.3 |      19 |       1 |   5.0
        D:7 |     634 |     301 |  32.2 |      13 |       2 |  13.3
        D:8 |     720 |     800 |  52.6 |      14 |       6 |  30.0
        D:9 |     219 |       0 |   0.0 |       5 |       0 |   0.0
      Sewer |       0 |     521 | 100.0 |       0 |      30 | 100.0
            +---------+---------+-------+---------+---------+-------

Illustrated notes

Table legend:
 A = Kills in this place as a percentage of kills in entire the game.
 B = Kills by you in this place as a percentage of kills by you in the entire game.
 C = Kills by friends in this place as a percentage of kills by friends in the entire game.
 D = Other kills in this place as a percentage of other kills in the entire game.
 E = Experience gained in this place as a percentage of experience gained in the entire game.
 F = Experience gained in this place divided by the number of levels of this place that you have seen.
                   A       B       C       D       E      F
               +-------+-------+-------+-------+-------+----------------------
         Total | 100.0 | 100.0 |   N/A |   N/A | 100.0 | 513.3
       Dungeon |  81.9 |  81.9 |   N/A |   N/A |  89.8 | 512.4
         Sewer |  18.1 |  18.1 |   N/A |   N/A |  10.2 | 521.0
               +-------+-------+-------+-------+-------+----------------------

Table legend: (Time is in decaauts)
 A = Elapsed time spent in this place.
 B = Non-inter-level travel time spent in this place.
 C = Inter-level travel time spent in this place.
 D = Time resting spent in this place.
 E = Time spent auto-exploring this place.
 F = Levels seen in this place.
 G = Mean time per level.
                   A        B        C        D        E       F      G
               +--------+--------+--------+--------+--------+-----+--------+
         Total |  11451 |  11176 |    275 |   2974 |   6846 |  10 | 1145.1 |
       Dungeon |  10339 |  10064 |    275 |   2284 |   6653 |   9 | 1148.8 |
         Sewer |   1111 |   1111 |      0 |    690 |    193 |   1 | 1111.0 |
               +--------+--------+--------+--------+--------+-----+--------+

Top non-repeatable levels by time:
     D:4: 1652 daAuts
     D:6: 1609 daAuts
     D:8: 1474 daAuts
     D:7: 1388 daAuts
     D:1: 1326 daAuts
     D:2: 1149 daAuts
   Sewer: 1111 daAuts
     D:3: 978 daAuts
     D:5: 675 daAuts
     D:9: 83 daAuts
